 Dungeon Crawl Stone Soup version 0.27.1-4-g1640c2035a (webtiles) character file.

Game seed: 12800115951956606514

0 tizbic2 the Slasher (level 1, -1/11 HPs)
             Began as a Vine Stalker Gladiator on Nov 13, 2021.
             Slain by a hobgoblin (2 damage)
             ... on level 1 of the Dungeon.
             The game lasted 00:01:03 (141 turns).

tizbic2 the Slasher (Vine Stalker Gladiator)         Turns: 141, Time: 00:01:04

Health: -1/11      AC:  4    Str: 16    XL:     1   Next: 10%
Magic:  0/2        EV: 12    Int:  8    God:
Gold:   32         SH:  0    Dex: 15    Spells: 0/0 levels left

rFire    . . .     SeeInvis .   a - +0 long sword
rCold    . . .     Faith    .   (no shield)
rNeg     . . .     Spirit   +   b - +0 leather armour
rPois    .         Reflect  .   c - +0 helmet
rElec    .         Harm     .   (no cloak)
rCorr    .         Rampage  .   (no gloves)
Will     .....                  (no boots)
Stlth    +.........             (no amulet)
HPRegen  0.03/turn              (no ring)
MPRegen  0.08/turn              (no ring)

@: no status effects
A: fangs 2, magic shield, antimagic bite, no potion heal 2
a: no special abilities


You were on level 1 of the Dungeon.
You visited 1 branch of the dungeon, and saw 1 of its levels.

You collected 32 gold pieces.

Inventory:

Hand Weapons
 a - a +0 long sword (weapon)
Missiles
 d - 3 throwing nets (quivered)
Armour
 b - a +0 leather armour (worn)
 c - a +0 helmet (worn)


   Skills:
 + Level 1.7 Fighting
 + Level 2.6 Long Blades
 + Level 1.8 Throwing
 * Level 2.4 Dodging


You couldn't memorise any spells.
You didn't know any spells.
Your spell library was empty.

Dungeon Overview and Level Annotations

Branches:
Dungeon (1/15)

Altars:


Innate Abilities, Weirdness & Mutations

You have extremely sharp teeth.
When hurt, damage is shared between your health and your magic reserves.
Your bite disrupts and absorbs the magic of your enemies.
Potions cannot restore your health.


Message History

No other quiver actions available for cycling.
You open the door.
A rat comes into view.
There is an open door here.
A hobgoblin comes into view.
Found a stone staircase leading down.
The hobgoblin shouts!
The rat closely misses you.
You barely miss the rat. You bite the rat. You drain its power.
The rat is heavily wounded.
The rat misses you.
You hit the rat.
You kill the rat!
The hobgoblin hits you but does no damage.
You see here a rat corpse.
You closely miss the hobgoblin.
You bite the hobgoblin, but do no damage.
The hobgoblin closely misses you. The hobgoblin barely misses you.
You riposte.
You closely miss the hobgoblin. You bite the hobgoblin. You drain its power.
The hobgoblin is moderately wounded.
You barely miss the hobgoblin.
The hobgoblin is moderately wounded.
The hobgoblin hits you.
You closely miss the hobgoblin. Your bite misses the hobgoblin.
The hobgoblin is moderately wounded.
The hobgoblin hits you.
You hit the hobgoblin but do no damage.
You bite the hobgoblin, but do no damage.
The hobgoblin is moderately wounded.
The hobgoblin hits you.
You hit the hobgoblin but do no damage. Your bite misses the hobgoblin.
The hobgoblin is moderately wounded.
The hobgoblin hits you. x2
* * * LOW HITPOINT WARNING * * *
The hobgoblin closely misses you.
You riposte.
You closely miss the hobgoblin.
There is an open door here.
You closely miss the hobgoblin. Your bite misses the hobgoblin.
The hobgoblin barely misses you. The hobgoblin hits you.
You die...

##.##########
#............
#.........>..
#............
#....†.......
#######'##########
..........#
########g#.#
.......@.#.#
##########.#
#..........#
#########.##########
#..........#
#.#######.#......
#.# #.......# #.#
#.......# #.#
#.......#


You could see a hobgoblin.

Vanquished Creatures
  A rat (D:1)
1 creature vanquished.

Notes
Turn   | Place    | Note
-------+----------+-------------------------------------------
     0 | D:1      | tizbic2 the Vine Stalker Gladiator began the quest for the
                  | Orb.
     0 | D:1      | Reached XP level 1. HP: 11/11 MP: 2/2
   141 | D:1      | Slain by a hobgoblin

Illustrated notes

Levels and vault maps discovered:
D:1:      minmay_arrival_hallway, layout_basic

Action                   || total
-------------------------++-------
Melee: Long sword        ||     8
       Bite              ||     4
Armor: Leather armour    ||     1
Dodge: Dodged            ||     6
       Rpst.: Long sword ||     2
